 Dungeon Crawl Stone Soup version 0.14.1-24-gbdbe590 (console) character file.

219 Skeletor the Gusty (level 4, -4/32 HPs)
             Began as a Demonspawn Air Elementalist on June 30, 2014.
             Was an Initiate of Okawaru.
             Killed from afar by an orc wizard (5 damage)
             ... with a puff of flame
             ... on Level 3 of the Dungeon.
             The game lasted 00:09:27 (1818 turns).

Skeletor the Gusty (Demonspawn Air Elementalist)    Turns: 1818, Time: 00:09:27

HP  -4/32        AC  5     Str 10      XL: 4   Next: 87%
MP   0/8         EV 11     Int 16      God: Okawaru [......]
Gold 91          SH  0     Dex 13      Spells:  1 memorised,  7 levels left

rFire  + . .     SeeInvis .     p - +0 trident
rCold  . . .     Clarity  .     h - +1 leather armour
rNeg   . . .     Conserve .     (no shield)
rPois  .         rCorr    +     r - -1 helmet
rElec  .         rRot     .     (no cloak)
SustAb . .       Spirit   .     (no gloves)
rMut   .         Warding  .     i - +0 pair of boots
Saprov . . .     Stasis   .     d - amulet of resist corrosion
MR     .....                    (no ring)
                                o - ring of protection from fire

@: very slightly contaminated, not resistant to hostile enchantments, unstealthy
A: claws 1, talons 2
a: Renounce Religion


You were on level 3 of the Dungeon.
You worshipped Okawaru.
Okawaru was noncommittal.
You were not hungry.

You visited 1 branch of the dungeon, and saw 3 of its levels.

You collected 91 gold pieces.

Inventory:

Hand weapons
 k - a +0,+0 hand axe
 p - a +0,+0 trident (weapon)
Armour
 h - a +1 leather armour (worn)
 i - a +0 pair of boots (worn)
 r - a -1 helmet (worn)
Magical devices
 q - a wand of slowing (16) {unknown}
Comestibles
 c - 3 bread rations
 f - 2 meat rations
Scrolls
 a - a scroll of identify
 e - a scroll of teleportation
 g - a scroll of enchant weapon II {unknown}
 l - a scroll of blinking {unknown}
 n - a scroll of enchant armour
Jewellery
 d - an amulet of resist corrosion (around neck)
 o - a ring of protection from fire (left claw)
Potions
 j - 3 potions of flight
Books
 b - a book of Air

   Spells                             Type                      Level
   *Shock                             Conjuration/Air              1
   Swiftness                          Charms/Air                   2
   Repel Missiles                     Charms/Air                   2
   Flight                             Charms/Air                   3
   Static Discharge                   Conjuration/Air              3
   Lightning Bolt                     Conjuration/Air              5


   Skills:
 + Level 1.5 Fighting
 + Level 2.3 Dodging
 - Level 2.0 Stealth
 * Level 2.1 Unarmed Combat
 + Level 2.9 Spellcasting
 - Level 1.0 Conjurations
 - Level 3.0 Air Magic


You had 7 spell levels left.
You knew the following spells:

 Your Spells              Type           Power        Failure   Level  Hunger
a - Shock                 Conj/Air       #...         10%         1    #......


Dungeon Overview and Level Annotations

Branches:
Dungeon (3/15)

Altars:
Okawaru


Innate Abilities, Weirdness & Mutations

You have sharp fingernails.
You have razor-sharp toenails.


Message History

Confirm with . or Enter, or press ? or * to list all spells.
Aiming: Shock
Press: ? - help, Shift-Dir - straight line, f/p - orc wizard
Aim: an orc wizard, wielding a club and wearing a robe (almost dead, moving very quickly)
The zap misses the orc wizard.
The zap hits the orc.
You kill the orc!
Okawaru accepts your kill. The orc wizard hits you with a club.
* * * LOW HITPOINT WARNING * * *
The orc wizard casts a spell.
The orc wizard flickers and vanishes!
Deactivating autopickup; reactivate with Ctrl-A.
Drink which item? (? for menu, Esc to quit)
Okay, then.
Unknown command.
You closely miss something.
You hear some strange, mumbled words.
A puff of flame appears from out of thin air!
The puff of flame hits you! You resist.
You die...

#.. #.#.#.#.#.#.#.#. #.#
#.#.#.#.#.#.#.#.#
#..#.#.#.#.#.#.#.#.#.
#.#.#.#.#.#.#.#.#.#.#
#..#.#.#.#.#.#.#.#.#.
#.#.#.#.#.#)#.#.#.#.#
#########..#.#.#.#.#)#.#.#.#.
.o.)......#.#.#.#.#.#.#.#.#.#
#########o.#@#.#.#.#.#.#.#.#.
#.#####.#.#.#.#.#.#.#.#.#.#
#.......)#.#.#.#.#.#.#.#.#.
#.#####.#.#.#.#.#.#.#.#.#.#
#..#.#)#.#.#.#.#.#.#.
#.#.#.#.#.#.#.#.#.#.#
#..#.#.#.#.#.#.#.#.#.
#.#.#.#.#.#.#.#.#.#.#
##.#.#.#.#.#.#.#.#.#.


There were no monsters in sight!

Vanquished Creatures
  An orc wizard (D:3)
  Terence (D:2)
  3 adders
  2 giant mites
  A giant gecko (D:1)
  An ooze (D:3)
  6 orcs (D:3)
  3 bats
  A giant cockroach (D:2)
  4 goblins
  3 hobgoblins
  4 jackals
  2 giant newts (D:2)
  4 kobolds
  9 rats
45 creatures vanquished.

Notes
Turn   | Place    | Note
--------------------------------------------------------------
     0 | D:1      | Skeletor, the Demonspawn Air Elementalist, began the quest for the Orb.
     0 | D:1      | Reached XP level 1. HP: 13/13 MP: 3/3
     0 | D:1      | NO SENSE
   228 | D:1      | Gained mutation: You have sharp toenails. [demonic ancestry]
   228 | D:1      | Reached XP level 2. HP: 11/19 MP: 0/4
   229 | D:1      | FUCK YOU!
   854 | D:2      | Gained mutation: You have razor-sharp toenails. [demonic ancestry]
   854 | D:2      | Reached XP level 3. HP: 16/25 MP: 1/6
   881 | D:2      | Noticed Terence
   925 | D:2      | Killed Terence
   925 | D:2      | Reached skill level 1 in Unarmed Combat
   957 | D:2      | Found an iron altar of Okawaru.
   960 | D:2      | Became a worshipper of Warmaster Okawaru
  1038 | D:2      | Reached skill level 1 in Fighting
  1038 | D:2      | Reached skill level 3 in Air Magic
  1571 | D:3      | Gained mutation: You have sharp fingernails. [demonic ancestry]
  1571 | D:3      | Reached XP level 4. HP: 30/32 MP: 8/8
  1817 | D:3      | HP: 1/32 [orc wizard/club (5)]
  1818 | D:3      | Killed from afar by an orc wizard

Action                   |  1- 3 |  4- 6 || total
-------------------------+-------+-------++-------
Melee: Unarmed           |    70 |       ||    70
       Trident           |     1 |    47 ||    48
 Cast: Shock             |    48 |    23 ||    71
  Use: Scroll            |     5 |     1 ||     6
       Potion            |       |     2 ||     2
 Stab: Sleeping          |     2 |     2 ||     4
